 Dungeon Crawl Stone Soup version 0.28.0-53-g5a82cb258f (webtiles) character file.

Game seed: 15063450191159684154

7576 Chani the Carver (level 10, -12/90 HPs)
             Began as a Minotaur Fighter on May 25, 2022.
             Was a Believer of the Shining One.
             Mangled by an orc knight
             ... wielding a +0 battleaxe
              (26 damage)
             ... on level 10 of the Dungeon on May 31, 2022.
             The game lasted 01:13:19 (11594 turns).

Chani the Carver (Minotaur Fighter)                Turns: 11594, Time: 01:13:19

Health: -12/90     AC: 13    Str: 21    XL:     10   Next: 97%
Magic:  9/9        EV: 11    Int:  7    God:    the Shining One [**....]
Gold:   624        SH:  5    Dex: 12    Spells: 9/9 levels left

rFire   + . .      SeeInvis .   a - +0 long sword (venom)
rCold   x . .      Faith    +   c - +0 buckler
rNeg    + . .      Spirit   .   b - +0 scale mail
rPois   .          Reflect  .   (helmet restricted)
rElec   .          Harm     .   l - +0 cloak
rCorr   .          Rampage  .   p - +0 pair of gloves
Will    .....      Rnd*Tele +   d - +0 pair of boots
Stlth   ..........              h - amulet of faith
HPRegen 0.25/turn               i - +4 ring of slaying
MPRegen 0.11/turn               n - ring of fire

@: glowing
A: horns 2, retaliatory headbutt, teleportitis 1
a: Renounce Religion, Divine Shield


You were on level 10 of the Dungeon.
You worshipped the Shining One.
The Shining One was pleased with you.
You visited 2 branches of the dungeon, and saw 11 of its levels.

You collected 624 gold pieces.

Inventory:

Hand Weapons
 a - a +0 long sword of venom (weapon)
 m - a +2 rapier of holy wrath
 o - a +2 falchion of holy wrath
Armour
 b - a +0 scale mail (worn)
 c - a +0 buckler (worn)
 d - a +0 pair of boots (worn)
 l - a +0 cloak (worn)
 p - a +0 pair of gloves (worn)
Jewellery
 h - an amulet of faith (around neck)
 i - a +4 ring of slaying (left hand)
 n - a ring of fire (right hand)
 u - a ring of protection from cold
Wands
 g - a wand of polymorph (6) (quivered)
Scrolls
 k - a scroll of fog
 q - 2 scrolls of torment {unknown}
Potions
 e - 2 potions of magic
 f - a potion of berserk rage
 j - 2 potions of flight
 s - 2 potions of mutation


   Skills:
 + Level 8.6 Fighting
 + Level 5.2(8.9) Short Blades
 + Level 12.1(12.6) Long Blades
 + Level 10.9 Armour
 + Level 4.1 Dodging
 + Level 2.0 Stealth
 + Level 6.9 Shields
 + Level 0.5 Evocations


You had 9 spell levels left.
You didn't know any spells.
Your spell library contained the following spells:

 Spells                   Type           Power      Damage    Failure   Level
 Foxfire                  Conj/Fire      0%         2x1d4     78%         1
 Sandblast                Erth           0%         2d4       78%         1
 Corpse Rot               Necr/Air       0%         N/A       89%         2
 Passwall                 Tmut/Erth      0%         N/A       89%         2
 Poisonous Vapours        Pois/Air       0%         N/A       89%         2
 Scorch                   Fire           0%         2d5       89%         2
 Conjure Flame            Conj/Fire      0%         6-21      98%         3
 Dazzling Flash           Conj/Hex       0%         N/A       98%         3
 Frozen Ramparts          Ice            0%         1d2       98%         3
 Inner Flame              Hex/Fire       0%         N/A       98%         3
 Stone Arrow              Conj/Erth      0%         3d7       98%         3
 Summon Guardian Golem    Hex/Summ       0%         N/A       98%         3
 Flame Wave               Conj/Fire      0%         2d4       100%        4
 Ice Form                 Ice/Tmut       0%         N/A       100%        4
 Iskenderun's Mystic Bla  Conj/Tloc      0%         2d3       100%        4
 Summon Ice Beast         Ice/Summ       0%         N/A       100%        4
 Agony                    Necr           0%         N/A       100%        5
 Silence                  Hex/Air        0%         N/A       100%        5
 Starburst                Conj/Fire      0%         6d3       100%        6


Dungeon Overview and Level Annotations

Branches:
Dungeon (10/15)            Temple (1/1) D:4
   Lair: D:8-11         Orc: D:9-12

Altars:
Ashenzari
Cheibriados
Dithmenos
Elyvilon
Fedhas
Gozag
Hepliaklqana
Kikubaaqudgha
Makhleb
Nemelex Xobeh
Okawaru
Qazlal
Ru
Sif Muna
Trog
Uskayaw
Vehumet
Wu Jian
Xom
Yredelemnul
Zin
The Shining One

Shops:
D:10 *


Innate Abilities, Weirdness & Mutations

You have a pair of horns on your head.
You reflexively headbutt those who attack you in melee.
You are occasionally teleported next to monsters.


Message History

An orc knight comes into view. It is wielding a +0 battleaxe.
There is an open door here.
The orc knight hits you with a +0 battleaxe!!
The orc knight hits you but does no damage.
You slash the orc knight!
The orc knight looks as sick as possible!
The orc knight is lightly wounded.
The orc knight hits you with a +0 battleaxe.
You hit the orc knight but do no damage.
The orc knight looks as sick as possible!
The orc knight is lightly wounded.
The orc knight hits you with a +0 battleaxe!!
You hit the orc knight.
The orc knight looks as sick as possible!
The orc knight is moderately wounded.
The orc knight hits you with a +0 battleaxe!
You slash the orc knight!
The orc knight looks as sick as possible!
You headbutt the orc knight.
The orc knight is heavily wounded.
You barely miss the orc knight.
You headbutt the orc knight, but do no damage.
The orc knight is heavily wounded.
You block the orc knight's attack.
You hit the orc knight but do no damage.
The orc knight looks as sick as possible!
The orc knight is severely wounded.
The orc knight hits you with a +0 battleaxe.
You barely miss the orc knight. You headbutt the orc knight!
The orc knight is severely wounded.
The orc knight hits you with a +0 battleaxe!!
* * * LOW HITPOINT WARNING * * *
You barely miss the orc knight.
The orc knight is severely wounded.
The orc knight closely misses you.
You feel better. You block the orc knight's attack.
You hit the orc knight.
The orc knight is almost dead.
The orc knight hits you with a +0 battleaxe!!
You die...

.......#..### .......#..#
###+###'### # #.# #.# # #.#
#.# ###.###'##########
................<#
#####............##### .
#...........@o...########....
#............###.........(...
#............# ##############
#.(.....)....# ##########'###
######.# #......# ###'######
#........#


You could see an orc knight (extremely poisoned).

Vanquished Creatures
  A two-headed ogre (D:9)
  Pikel (D:9)
  Joseph (D:7)
  Maurice (D:10)
  A gargoyle (D:10)
  A kobold demonologist (D:9)
  A hornet (D:9)
  Grinder (D:5)
  2 wyverns
  9 yaks
  A wraith (D:10)
  Eustachio (D:5)
  A steam dragon (D:9)
  An acid dragon (D:8)
  Duvessa (D:5)
  A water moccasin (D:8)
  2 sky beasts (D:7)
  2 ice beasts
  2 ogres
  2 black bears
  3 centaurs
  A phantom (D:7)
  3 lemures (D:9)
  Blork the orc (D:4)
  2 bullfrogs
  2 gnoll sergeants
  2 scorpions (D:7)
  Dowan (D:5)
  3 howler monkeys
  2 centaur zombies
  Crazy Yiuf (D:4)
  2 hounds (D:5)
  An orc priest (D:7)
  2 gnoll shamans
  2 jellies (D:7)
  A centaur skeleton (D:7)
  5 iguanas
  4 orc wizards
  A hound zombie (D:5)
  A howler monkey zombie (D:8)
  19 gnolls
  A howler monkey skeleton (D:6)
  8 adders
  An ufetubus (D:4)
  4 worms (D:3)
  2 dart slugs
  26 orcs
  2 bats (D:3)
  4 endoplasms
  3 giant cockroaches
  11 goblins
  12 hobgoblins
  2 jackals (D:3)
  3 quokkas
  7 ball pythons
  A frilled lizard (D:1)
  6 kobolds
  6 rats
191 creatures vanquished.

Vanquished Creatures (collateral kills)
  4 orcs (D:8)
4 creatures vanquished.

Vanquished Creatures (others)
  A fungus (D:4)
  2 plants (D:7)
  3 withered plants (D:5)
6 creatures vanquished.

Grand Total: 201 creatures vanquished

Notes
Turn   | Place    | Note
-------+----------+-------------------------------------------
     0 | D:1      | Chani the Minotaur Fighter began the quest for the Orb.
     0 | D:1      | Reached XP level 1. HP: 19/19 MP: 0/0
   140 | D:1      | Found a faded altar of an unknown god.
   295 | D:1      | Reached XP level 2. HP: 27/27 MP: 1/1
   303 | D:1      | Reached skill level 3 in Long Blades
   328 | D:1      | Gained mutation: You are occasionally teleported next to
                  | monsters. [potion of mutation]
   714 | D:2      | Reached XP level 3. HP: 28/33 MP: 2/2
  1700 | D:3      | Found a blossoming altar of Fedhas.
  1756 | D:3      | Reached skill level 4 in Long Blades
  1774 | D:3      | Reached XP level 4. HP: 32/40 MP: 3/3
  1780 | D:3      | Found a burning altar of Makhleb.
  1781 | D:3      | Found a basalt altar of Yredelemnul.
  2264 | D:3      | Found a glowing drain.
  2544 | D:4      | Noticed Blork the orc
  2552 | D:4      | Killed Blork the orc
  2553 | D:4      | Reached skill level 5 in Long Blades
  2553 | D:4      | Reached XP level 5. HP: 23/46 MP: 4/4
  3242 | D:4      | Found a runed translucent door.
  3243 | D:4      | Noticed Crazy Yiuf
  3253 | D:4      | Killed Crazy Yiuf
  3254 | D:4      | Reached skill level 5 in Armour
  3254 | D:4      | Reached XP level 6. HP: 53/53 MP: 5/5
  3552 | D:4      | Found a staircase to the Ecumenical Temple.
  3793 | D:4      | Found an iron altar of Okawaru.
  3989 | Temple   | Entered the Ecumenical Temple
  4044 | Temple   | Became a worshipper of the Shining One
  4103 | D:5      | Entered Level 5 of the Dungeon
  4145 | D:5      | Reached skill level 1 in Dodging
  4157 | D:5      | Noticed Dowan
  4158 | D:5      | Noticed Duvessa
  4191 | D:5      | Killed Duvessa
  4192 | D:5      | Reached skill level 6 in Long Blades
  4438 | D:5      | Noticed Eustachio
  4443 | D:5      | Killed Eustachio
  4444 | D:5      | Reached XP level 7. HP: 41/60 MP: 6/6
  4528 | D:5      | Reached skill level 7 in Long Blades
  4533 | D:5      | Noticed Grinder
  4539 | D:5      | Killed Grinder
  4540 | D:5      | Reached skill level 5 in Fighting
  4540 | D:5      | Reached skill level 1 in Short Blades
  4540 | D:5      | Reached skill level 1 in Stealth
  4579 | D:5      | Reached XP level 8. HP: 45/68 MP: 7/7
  4610 | D:5      | Found an ancient bone altar of Kikubaaqudgha.
  4640 | D:5      | Killed Dowan
  5214 | D:6      | Reached * piety under the Shining One
  5553 | D:6      | Reached skill level 5 in Shields
  5593 | D:6      | Got the Catalogue of Bewitching Flames
  6343 | D:7      | Noticed Joseph
  6443 | D:7      | Reached skill level 5 in Short Blades
  6572 | D:7      | Reached skill level 8 in Long Blades
  6625 | D:7      | Found a flagged portal.
  6662 | D:7      | Identified the +1 leather armour of Mysticism {Rampage rN+
                  | SInv}
  6703 | D:7      | Reached XP level 9. HP: 62/75 MP: 8/8
  7077 | D:7      | Found a shadowy altar of Dithmenos.
  7474 | D:7      | Killed Joseph
  7475 | D:7      | Reached skill level 9 in Long Blades
  8855 | D:8      | Reached skill level 10 in Long Blades
  9290 | D:7      | Reached XP level 10. HP: 69/86 MP: 9/9
  9622 | D:9      | Noticed Pikel
  9628 | D:9      | Killed Pikel
  9847 | D:9      | Noticed a two-headed ogre
  9859 | D:9      | Killed a two-headed ogre
  9860 | D:9      | Reached skill level 11 in Long Blades
  9860 | D:9      | Reached skill level 10 in Armour
 10239 | D:9      | Reached ** piety under the Shining One
 10471 | D:9      | Identified the +7 whip of the Rat {vamp, rC- rN+++ rCorr
                  | Str-4}
 10501 | D:9      | Noticed an orange demon
 10565 | D:9      | Found a sparkling altar of Nemelex Xobeh.
 10748 | D:10     | Entered Level 10 of the Dungeon
 10793 | D:10     | Noticed Maurice
 10799 | D:10     | Killed Maurice
 10869 | D:10     | Noticed a gargoyle
 10893 | D:10     | Killed a gargoyle
 10894 | D:10     | Reached skill level 12 in Long Blades
 11080 | D:10     | Found a shimmering blue altar of Sif Muna.
 11277 | D:10     | Found a radiant altar of Vehumet.
 11370 | D:10     | Found Ricios's Fire Supplies.
 11568 | D:10     | Noticed an orc knight
 11594 | D:10     | Mangled by an orc knight

Illustrated notes

Levels and vault maps discovered:
D:1:      ebering_hopf_link, layout_rooms, ebering_ecumenical_altar_rust
D:2:      layout_loops_corners, minmay_hedge_maze
D:3:      layout_loops_ring, grunt_temple_overflow_open,
          cheibrodos_sewer_entry_bend
D:4:      layout_loops_ring, okawaru_altar_gauntlet_db, temple_green,
          uniq_crazy_yiuf_cottage, uniq_blork_the_orc
D:5:      layout_loops_ring, kiku_gazebo_garden_becter, serial_glass,
          glass_columns_b, glass_columns_b, uniq_grinder, uniq_eustachio,
          uniq_duvessa
D:6:      layout_basic
D:7:      layout_layer_cave, grunt_dithmenos_shadows,
          lightli_bailey_entry_fortress, serial_bayou_crossing, uniq_joseph
D:8:      layout_basic, serial_shops, shop
D:9:      layout_loops_ring, nemelex_xobeh_ov_fountains_minmay, grunt_ogre_cave,
          chequers_serial_rivers_micro_b, minmay_stone_trees_small,
          kennysheep_generic_room_14, uniq_pikel
D:10:     layout_roguey, mainiacjoe_overflow_24_doors,
          mainiacjoe_overflow_six_doors_small, orc_david_3,
          nicolae_shop_fire_sale [nicolae_sub_dead_trees], uniq_maurice
Temple:   cyrus_circular_temple

Skill      XL: |  1  2  3  4  5  6  7  8  9 10 |
---------------+-------------------------------+-----
Long Blades    | 3 4 5 6 7 8 10 12 | 12.1
Fighting       | 4 5 6 7 8 |  8.6
Armour         | 4 5 6 7 9 10 | 10.9
Shields        | 4 5 6 |  6.9
Dodging        | 1 2 4 |  4.1
Short Blades   | 2 5 |  5.2
Stealth        | 1 2 |  2.0
Evocations     | |  0.5

Action                   |  1- 3 |  4- 6 |  7- 9 | 10-12 || total
-------------------------+-------+-------+-------+-------++-------
Melee: Long sword        |    81 |    94 |       |    74 ||   249
       Headbutt          |    10 |    13 |    46 |    33 ||   102
       Rapier            |       |     8 |    63 |       ||    71
       Falchion          |       |       |   143 |    43 ||   186
Evoke: Wand              |       |       |     3 |       ||     3
  Use: Scroll            |     1 |     5 |     8 |     3 ||    17
       Potion            |     2 |     3 |     4 |     2 ||    11
Armor: Scale mail        |    36 |    41 |    92 |    45 ||   214
       Skin              |       |     4 |       |       ||     4
Dodge: Dodged            |    31 |    55 |   105 |    47 ||   238
Block: Buckler           |    21 |    20 |    51 |    28 ||   120
